Map: Orbital Shipyard

Players

Kaiji

  • Race: Zerg Zerg
  • League: Silver

lesha - Winner!

  • Race: Terran Terran
  • League: Gold

VOD

Have the link to the VOD?

Description

Time

  • Played on: Jan. 10, 2016, 9:39 a.m.
  • Length: 12:38
Show
View Real Time Build Order
Export as new Build Order

Kaiji Zerg 

Build Orders: Hatch First 

Get SALT Encoding   

  12  0:01  Drone  
  14  0:15  Overlord  
  13  0:24  Drone  
  14  0:34  Drone  
  14  0:35  Drone  
  16  0:53  Hatchery  
  16  0:54  Drone  
  16  0:59  Drone  
  17  1:13  Spawning Pool  
  16  1:22  Overlord  
  16  1:25  Drone  
  17  1:30  Extractor  
  17  1:32  Drone  
  17  1:39  Drone  
  18  1:57  Drone  
  18  2:01  Queen  
  21  2:05  Queen  
  21  2:07  Zergling x2  
  24  2:19  Drone x2  
  26  2:25  Zergling x2  
  26  2:52  Overlord x3  
  26  2:54  Drone x3  
  29  3:18  Zergling x4  
  29  3:19  Zergling x4  
  33  3:24  Drone  
  33  3:25  Drone x2  
  33  3:26  Hatchery  
  35  3:31  Lair  
  35  3:32  Extractor  
  34  3:35  Metabolic Boost  
  34  4:06  Drone x2  
  34  4:07  Drone x5  
  34  4:08  Drone  
  42  4:20  Evolution Chamber  
  42  4:21  Evolution Chamber  
  40  4:26  Drone  
  40  4:27  Drone  
  42  4:44  Drone  
  43  4:47  Queen  
  43  4:51  Extractor  
  43  4:52  Extractor  
  43  4:53  Zerg Missile Weapons Level 1, Zerg Ground Armor Level 1  
  43  4:58  Overlord x3  
  43  4:59  Overlord  
  43  5:02  Queen  
  45  5:08  Queen  
  47  5:16  Spire  
  46  5:27  Drone  
  46  5:28  Drone x5  
  52  5:40  Queen  
  54  5:52  Infestation Pit  
  54  5:53  Roach Warren  
  52  5:58  Spine Crawler  
  52  6:02  Spine Crawler  
  50  6:04  Spore Crawler  
  50  6:07  Spore Crawler  
  41  6:22  Zergling x8  
  41  6:23  Zergling x10  
  46  6:36  Spine Crawler  
  46  6:38  Spine Crawler  
  42  7:10  Drone x2  
  42  7:11  Drone  
  42  7:13  Drone x3  
  42  7:14  Drone x4  
  52  7:33  Hatchery  
  52  7:36  Corruptor  
  53  7:46  Baneling Nest  
  52  7:53  Spine Crawler  
  52  7:55  Spine Crawler  
  50  8:14  Corruptor x3  
  56  8:24  Extractor  
  56  8:26  Extractor  
  54  8:27  Zergling x10  
  54  8:28  Zergling x6  
  54  8:33  Overseer  
  62  8:53  Baneling  
  62  8:54  Baneling x7  
  62  8:55  Baneling x3  
  61  8:57  Zergling x10  
  66  9:03  Drone x2  
  40  9:34  Zergling x2  
  40  9:35  Zergling x26  
  54  9:49  Drone x2  
  56  10:00  Burrow  
  56  10:08  Queen  
  56  10:12  Drone x2  
  60  10:17  Drone x3  
  63  10:34  Drone  
  63  10:35  Drone x10  
  69  10:39  Extractor  
  73  11:08  Roach x3  
  73  11:09  Roach x4  
  73  11:10  Roach  
  89  11:25  Overlord  
  89  11:26  Overlord x3  
  89  11:28  Hatchery  
  88  11:44  Baneling x2  
  88  11:45  Baneling x3  
  88  11:52  Zergling x8  
  88  11:53  Zergling x2  
  95  11:54  Roach  
  95  12:19  Roach x3  
Show
View Real Time Build Order
Export as new Build Order

lesha Terran - Winner!

Build Orders: Reaper Expand, MMM Bio 

Get SALT Encoding   

  12  0:01  SCV  
  13  0:14  SCV  
  14  0:18  Supply Depot  
  14  0:26  SCV  
  15  0:40  SCV  
  15  0:41  Barracks  
  16  0:45  Refinery  
  16  0:52  SCV  
  17  1:04  SCV  
  18  1:16  SCV  
  19  1:29  Reaper  
  20  1:35  Orbital Command  
  20  1:42  Command Center  
  20  2:02  SCV  
  20  2:03  Barracks  
  20  2:04  Supply Depot  
  21  2:12  Barracks Reactor  
  21  2:14  Refinery  
  21  2:35  SCV  
  22  2:47  SCV  
  22  2:49  Marine x2  
  24  2:52  Barracks Tech Lab  
  24  2:57  Factory, Barracks  
  24  3:04  SCV  
  24  3:05  Orbital Command  
  25  3:07  Marine x2  
  27  3:16  SCV  
  27  3:18  Marauder  
  30  3:20  Stimpack  
  30  3:28  SCV  
  30  3:32  SCV  
  32  3:36  Marine x2  
  32  3:40  SCV  
  35  3:44  SCV, Starport  
  36  3:50  Factory Reactor  
  36  3:52  Marine x2  
  38  3:57  Marine x2  
  38  3:59  SCV x2  
  42  4:04  Refinery  
  42  4:05  Refinery  
  42  4:10  Supply Depot  
  42  4:13  SCV x2  
  45  4:17  Marine  
  45  4:19  Barracks Reactor, Marine  
  46  4:33  Marine  
  46  4:35  Marine  
  48  4:40  Engineering Bay  
  48  4:43  Barracks  
  48  4:44  Marine  
  49  4:45  Medivac  
  49  4:46  Medivac  
  49  4:50  Factory Tech Lab  
  49  4:51  Marine  
  54  5:00  Supply Depot  
  54  5:01  Supply Depot  
  54  5:05  Marine x4  
  58  5:08  Terran Infantry Weapons Level 1  
  58  5:16  Marine  
  58  5:20  Combat Shields  
  59  5:23  Marine  
  60  5:28  Marine  
  60  5:29  Marine x2  
  63  5:39  Command Center  
  63  5:41  SCV  
  63  5:42  SCV  
  65  5:45  Barracks Reactor  
  65  5:58  SCV x2, Barracks  
  65  6:04  Supply Depot  
  67  6:23  Marine x5  
  67  6:24  Marine  
  73  6:31  Marine  
  73  6:32  Medivac x2  
  77  6:41  Marine  
  77  6:47  SCV x2  
  71  6:58  Marine  
  71  6:59  SCV, Marine x5  
  71  7:00  Marine x2  
  80  7:08  Medivac x2  
  74  7:16  Marine x3  
  74  7:17  Marine x2  
  74  7:22  Engineering Bay  
  79  7:24  Terran Infantry Armor Level 1  
  79  7:25  Armory  
  79  7:31  Barracks Reactor  
  79  7:40  Barracks  
  79  7:42  Barracks  
  79  7:45  Orbital Command  
  79  7:49  SCV x2  
  81  7:55  Marine x3  
  81  7:56  Marine x2  
  86  8:00  Marauder  
  86  8:01  SCV  
  89  8:09  SCV  
  89  8:12  Marine x3  
  92  8:13  SCV, Marine x4  
  92  8:14  Medivac  
  100  8:21  Medivac  
  100  8:22  SCV  
  100  8:25  SCV, Marine  
  100  8:26  Marine  
  106  8:29  Supply Depot  
  106  8:31  Terran Infantry Weapons Level 2  
  106  8:32  Supply Depot  
  106  8:33  Concussive Shells  
  106  8:34  Marine  
  106  8:35  Marine  
  106  8:36  Marine  
  109  8:50  Marine x5  
  109  8:51  SCV, Marauder  
  109  8:53  SCV x2  
  109  8:55  Marine x2  
  120  8:56  Medivac  
  120  8:57  Medivac  
  125  9:07  Marine  
  125  9:08  SCV x3, Marine  
  130  9:10  Supply Depot  
  130  9:11  Supply Depot, Marine x3  
  130  9:14  Supply Depot  
  130  9:15  Supply Depot  
  133  9:24  SCV x3, Marine x3  
  133  9:27  Marine x3  
  133  9:29  Marine x3  
  111  9:38  Viking x2  
  111  9:42  Marine x3  
  111  9:45  Marine x2  
  120  9:46  Command Center  
  120  9:49  Barracks Tech Lab  
  120  9:50  Barracks Tech Lab  
  120  9:59  Refinery  
  120  10:00  SCV x3  
  120  10:01  Refinery  
  120  10:02  Marine x2  
  120  10:03  Marine  
  120  10:04  Marauder  
  120  10:06  Marine x2  
  120  10:07  Marine  
  130  10:10  Terran Infantry Armor Level 2  
  131  10:16  Marauder x2  
  135  10:24  Supply Depot  
  135  10:25  Supply Depot, Marauder, Marine x3  
  135  10:26  Supply Depot, Marine  
  141  10:37  Marauder  
  141  10:38  Marine x3  
  141  10:39  Marauder  
  148  10:47  Marauder  
  150  10:50  Marine x4  
  150  10:51  SCV, Marine  
  150  10:52  SCV x2  
  158  10:58  Marauder  
  158  11:00  Marauder  
  158  11:04  SCV x3  
  165  11:17  Marine x3  
  170  11:18  Marauder  
  170  11:19  Marine x5  
  170  11:20  Marauder  
  170  11:22  Marauder  
  179  11:35  Marine x2  
  181  11:49  Marine x4  
  181  11:50  Marauder x3  
  181  11:51  Marine x2  
  181  11:52  Medivac x2  
  181  11:53  Marine x2  
  199  12:08  SCV  
Tags
 
Add a new tag
Caveats
  • Supply blocks, unpowered buildings, or Contaminate may cause inaccurate times.
  • Supply counts are checked every 10 seconds.